Map: Rooftop Terrace

Players

Winthrowe

  • Race: Protoss Protoss
  • League: Silver
  • Spawn Location: 6:00

Nikitta

  • Race: Terran Terran
  • Spawn Location: 7:00

LERATUL

  • Race: Terran Terran
  • Spawn Location: 6:00

wwwaldo

  • Race: Protoss Protoss
  • Spawn Location: 5:00

Axis

  • Race: Protoss Protoss
  • Spawn Location: 12:00

CrisCris

  • Race: Terran Terran
  • Spawn Location: 1:00

WolfRamiO

  • Race: Protoss Protoss
  • Spawn Location: 11:00

dudeonworth

  • Race: Terran Terran
  • Spawn Location: 12:00

VOD

Have the link to the VOD?

Description

Time

  • Played on: Sept. 2, 2017, 7:49 p.m.
  • Length: 15:15
Show
View Real Time Build Order
Export as new Build Order

Winthrowe Protoss 

Build Orders: 1 Gate Expand 

Get SALT Encoding   

  12  0:01  Probe (Chrono Boost)  
  13  0:12  Probe (Chrono Boost)  
  14  0:22  Probe (Chrono Boost)  
  14  0:27  Pylon  
  15  0:41  Assimilator  
  15  0:45  Probe (Chrono Boost)  
  16  0:53  Gateway  
  16  0:56  Probe (Chrono Boost)  
  17  1:07  Probe (Chrono Boost)  
  18  1:17  Probe (Chrono Boost)  
  19  1:33  Nexus  
  19  1:36  Assimilator  
  19  1:40  Assimilator  
  19  1:44  Probe (Chrono Boost)  
  20  1:55  Cybernetics Core  
  20  2:04  Forge  
  20  2:22  Probe (Chrono Boost)  
  21  2:32  Probe (Chrono Boost)  
  22  2:38  Pylon  
  22  2:41  Pylon  
  22  2:43  Probe (Chrono Boost)  
  23  2:53  Pylon, Probe (Chrono Boost)  
  23  2:56  Pylon  
  23  2:57  Probe (Chrono Boost)  
  25  3:00  Pylon  
  25  3:02  Warp Gate  
  25  3:04  Probe (Chrono Boost)  
  26  3:07  Probe (Chrono Boost)  
  26  3:08  Assimilator  
  27  3:24  Pylon  
  27  3:28  Pylon  
  27  3:43  Gateway x2  
  27  3:50  Gateway  
  27  3:52  Gateway  
  27  3:53  Probe (Chrono Boost)  
  27  3:54  Probe (Chrono Boost)  
  29  4:04  Probe x2 (Chrono Boost)  
  31  4:12  Sentry  
  31  4:14  Probe (Chrono Boost)  
  31  4:15  Probe (Chrono Boost)  
  35  4:31  Protoss Ground Armor Level 1  
  35  4:36  Probe (Chrono Boost)  
  35  4:37  Probe (Chrono Boost)  
  37  4:39  Sentry  
  39  4:47  Probe x2 (Chrono Boost)  
  41  4:58  Probe x2 (Chrono Boost)  
  43  5:08  Probe x2 (Chrono Boost)  
  45  5:19  Mothership Core (Chrono Boost), Stalker x5, Probe (Chrono Boost)  
  58  5:37  Gateway x2  
  58  5:39  Gateway x2  
  58  6:11  Stalker x2, Nexus  
  58  6:12  Stalker x2  
  58  6:14  Stalker  
  64  7:17  Pylon  
  64  7:20  Pylon  
  64  7:23  Pylon  
  64  7:26  Assimilator  
  64  7:31  Assimilator  
  64  7:38  Sentry  
  64  7:39  Sentry  
  64  7:42  Zealot x2  
  72  7:44  Zealot  
  74  8:08  Robotics Facility  
  74  8:09  Robotics Facility  
  74  8:22  Stargate  
  74  8:23  Stargate  
  74  8:37  Stalker x3  
  74  8:38  Stalker x5  
  74  8:39  Stalker  
  88  8:54  Probe (Chrono Boost)  
  88  8:55  Probe (Chrono Boost)  
  90  8:58  Probe (Chrono Boost)  
  91  9:05  Probe x2 (Chrono Boost)  
  91  9:08  Immortal x2  
  91  9:09  Probe (Chrono Boost)  
  102  9:11  Void Ray x2  
  102  9:15  Probe (Chrono Boost)  
  102  9:16  Probe (Chrono Boost)  
  112  9:19  Probe (Chrono Boost)  
  113  9:26  Probe x2 (Chrono Boost)  
  113  9:30  Probe (Chrono Boost)  
  116  9:36  Probe (Chrono Boost)  
  116  9:37  Probe (Chrono Boost)  
  118  9:40  Probe (Chrono Boost)  
  119  9:47  Immortal x2  
  127  9:53  Oracle  
  130  10:26  Observer, Warp Prism  
  133  10:49  Pylon  
  133  10:52  Pylon  
  133  11:01  Pylon  
  133  11:04  Pylon  
  133  11:07  Void Ray x2  
  141  11:27  Zealot  
  141  11:28  Zealot x6  
  141  11:29  Zealot  
  141  11:30  Zealot  
  159  11:49  Void Ray  
  159  11:51  Void Ray  
  51  12:27  Warp Prism  
  53  12:30  Immortal  
  53  12:32  Void Ray  
  53  12:34  Void Ray  
  61  13:03  Immortal  
  65  13:09  Immortal  
  69  13:15  Void Ray  
  69  13:17  Phoenix  
  69  13:18  Stalker x2  
  75  13:36  Stalker  
  75  13:37  Stalker  
  79  13:42  Phoenix  
  56  13:58  Phoenix  
  54  14:07  Phoenix  
Show
View Real Time Build Order
Export as new Build Order

Nikitta Terran 

Build Orders:  

Get SALT Encoding   

  12  0:03  SCV  
  13  0:18  Supply Depot  
  13  0:27  SCV  
  14  0:39  SCV  
  15  0:45  Barracks  
  15  0:51  SCV  
  16  0:58  Refinery  
  16  1:03  SCV  
  17  1:16  SCV  
  18  1:25  Supply Depot  
  18  1:28  SCV  
  19  1:40  SCV  
  20  1:48  Supply Depot, Engineering Bay  
  20  1:52  SCV  
  20  1:54  Barracks Reactor  
  21  2:04  SCV  
  22  2:16  SCV  
  22  2:17  Barracks  
  23  2:28  SCV  
  24  2:35  Refinery  
  24  2:40  SCV  
  24  2:42  Barracks  
  25  2:52  SCV  
  25  2:55  Missile Turret  
  26  2:59  Marine x2  
  26  3:04  SCV  
  29  3:12  Supply Depot  
  29  3:15  Missile Turret  
  29  3:16  Marine  
  29  3:17  Marine, SCV  
  32  3:22  Barracks Tech Lab  
  32  3:34  Marine  
  32  3:41  Factory  
  33  3:42  Marine  
  34  3:52  Marine  
  34  3:53  Missile Turret  
  35  4:00  Marine  
  36  4:05  Marauder  
  38  4:10  Marine  
  38  4:12  Barracks Reactor  
  38  4:13  Missile Turret  
  39  4:18  Marine  
  40  4:26  Marauder  
  40  4:28  Marine  
  43  4:32  Starport  
  43  4:33  Supply Depot  
  43  4:41  SCV  
  44  4:46  Marine x2  
  46  4:53  SCV  
  46  4:55  Supply Depot  
  47  5:04  Marine x2  
  49  5:12  Command Center  
  49  5:21  Marine  
  49  5:28  Supply Depot  
  50  5:34  Factory Tech Lab  
  50  5:35  Missile Turret  
  50  5:37  Marine x2  
  52  5:55  Marine x2, Missile Turret  
  54  5:59  Starport Tech Lab  
  54  6:07  Siege Tank  
  57  6:23  Bunker  
  57  6:25  SCV  
  58  6:37  SCV  
  58  6:39  Siege Tank  
  62  6:49  SCV  
  63  7:01  SCV  
  64  7:12  Marine  
  64  7:13  Marine, SCV  
  67  7:17  Marine x2  
  67  7:18  Fusion Core  
  69  7:25  SCV, Supply Depot  
  70  7:30  Marine x2  
  70  7:35  Marine x2  
  74  7:38  SCV  
  75  7:48  Marine x2  
  75  7:50  SCV  
  78  7:52  Marine  
  78  7:53  Marine  
  80  8:01  Missile Turret  
  80  8:02  SCV  
  81  8:06  Marine x2  
  81  8:10  Marine  
  84  8:21  Missile Turret  
  84  8:38  Armory  
  84  8:45  Siege Tank  
  87  8:50  Marine x2  
  87  8:54  Marine x2  
  91  9:08  Marine x2  
  93  9:12  Marine  
  94  9:29  Supply Depot  
  94  9:50  Marine x4, Siege Tank, SCV  
  94  9:52  Supply Depot  
  102  10:13  Marine x3  
  102  10:14  SCV  
  106  10:23  Siege Tank  
  106  10:26  SCV  
  110  10:54  Supply Depot  
  110  11:10  Missile Turret  
  110  11:15  Marine, Siege Tank, Medivac  
  110  11:16  Marauder  
  118  11:18  Supply Depot  
  118  11:30  Missile Turret  
  118  11:40  Marine x4, SCV, Marauder  
  125  11:48  Supply Depot  
  125  11:57  Marine  
  126  12:10  Marine x3, Siege Tank, Marauder  
  126  12:11  Supply Depot  
  134  12:21  Marine  
  132  12:27  Marine x3  
  100  12:31  Marauder  
  95  12:39  Marine  
  82  12:45  Marine x2  
  70  12:53  Marauder  
Show
View Real Time Build Order
Export as new Build Order

LERATUL Terran 

Build Orders:  

Get SALT Encoding   

  12  0:04  SCV  
  13  0:20  Supply Depot  
  13  0:26  SCV  
  14  0:38  SCV  
  14  0:41  Refinery  
  15  0:44  Barracks  
  15  0:50  SCV  
  16  1:02  SCV  
  17  1:12  Supply Depot  
  17  1:14  SCV  
  18  1:27  SCV  
  19  1:35  Refinery, Barracks  
  19  1:39  SCV  
  20  1:51  SCV  
  20  1:53  Marine  
  22  1:58  Supply Depot  
  22  2:09  SCV  
  22  2:11  Marine  
  24  2:21  SCV  
  25  2:27  Factory  
  25  2:29  Marine x2  
  27  2:46  Factory  
  27  2:47  Marine  
  28  2:52  Marine  
  29  2:59  Orbital Command  
  29  3:05  Marine  
  30  3:08  Supply Depot  
  30  3:14  Factory Tech Lab  
  30  3:16  Marine  
  31  3:30  Factory Tech Lab  
  31  3:32  Marine  
  32  3:34  Marine  
  33  3:41  Siege Tank  
  36  3:50  Marine  
  36  3:51  Siege Tank  
  40  4:13  Siege Tank  
  43  4:18  Supply Depot  
  43  4:23  Siege Tank  
  46  4:39  Marine x2  
  48  4:46  Siege Tank  
  51  4:52  Supply Depot  
  51  4:55  Siege Tank  
  54  5:02  Marine  
  55  5:14  Marine  
  55  5:20  Siege Tank  
  26  6:51  Marine x2  
  25  6:54  Siege Tank x2  
  31  7:03  Engineering Bay  
  31  7:08  Marine  
  31  7:09  Marine  
  33  7:17  Command Center  
  33  7:26  Marine x2, Siege Tank x2  
  41  7:44  Marine  
  41  7:49  Missile Turret  
  45  7:58  Siege Tank x2  
  48  8:06  Barracks Reactor  
  48  8:07  Barracks Tech Lab  
  48  8:13  Missile Turret  
  48  8:31  Hi-Sec Auto Tracking  
  48  8:35  Missile Turret  
  48  8:38  Starport  
  48  8:50  Marine x2  
  48  8:51  Marine  
  51  8:58  Missile Turret  
  51  9:03  SCV  
  51  9:07  Refinery x2  
  51  9:08  Marine x3  
  55  9:15  SCV  
  56  9:24  Stimpack  
  56  9:26  Marine  
  56  9:27  SCV  
  56  9:28  Terran Infantry Weapons Level 1  
  56  9:29  Starport Reactor  
  58  9:40  SCV  
  59  9:52  Marine x3, SCV  
  63  10:09  Marine  
  63  10:10  Marine x2  
  66  10:25  Medivac x2  
  66  10:27  Marine  
  71  10:35  SCV  
  72  10:47  SCV  
  73  10:54  Marine x3  
  73  10:55  Medivac x2  
  80  10:59  SCV  
  81  11:11  Marine, SCV  
  81  11:12  Marine x2  
  85  11:23  SCV  
  85  11:25  Medivac x2, Combat Shields  
  88  11:31  Marine  
  88  11:32  Marine x2  
  93  11:36  Orbital Command  
  93  11:49  Marine  
  94  12:02  Marine x2  
  94  12:07  Marine  
  97  12:20  Marine x2  
  99  12:25  Marine  
  100  12:30  Terran Infantry Armor Level 1  
  100  12:38  Marine x2  
  102  12:51  Marine  
  102  12:56  Marine x2  
  72  13:08  Marine  
  73  13:14  Marine x2  
  75  13:26  Marine  
  76  13:31  Marine x2  
  78  13:36  Medivac x2  
  82  13:44  Marine  
  83  13:49  Marine x2  
  85  14:02  Marine  
  86  14:06  Medivac x2  
  86  14:07  Marine x2  
  92  14:20  Marine  
  93  14:25  Marine x2  
  95  14:36  Medivac x2  
  95  14:37  Marine  
  100  14:43  Marine x2  
  58  14:55  Marine  
Show
View Real Time Build Order
Export as new Build Order

wwwaldo Protoss 

Build Orders:  

Get SALT Encoding   

  12  0:04  Probe (Chrono Boost)  
  13  0:14  Probe (Chrono Boost)  
  14  0:25  Probe (Chrono Boost)  
  15  0:37  Pylon  
  15  0:49  Assimilator  
  15  0:50  Pylon  
  15  0:55  Probe (Chrono Boost)  
  16  1:01  Pylon  
  16  1:06  Probe (Chrono Boost)  
  17  1:16  Probe (Chrono Boost)  
  18  1:27  Probe (Chrono Boost)  
  19  1:37  Probe (Chrono Boost)  
  20  1:41  Nexus  
  20  1:45  Assimilator  
  20  1:49  Assimilator  
  20  1:56  Pylon  
  20  2:03  Pylon  
  20  2:09  Probe (Chrono Boost)  
  21  2:21  Gateway  
  22  2:23  Probe (Chrono Boost)  
  22  2:33  Probe (Chrono Boost)  
  23  2:37  Assimilator  
  23  2:44  Probe (Chrono Boost)  
  24  2:54  Probe (Chrono Boost)  
  25  3:05  Probe (Chrono Boost)  
  26  3:06  Probe (Chrono Boost)  
  27  3:15  Probe (Chrono Boost)  
  27  3:17  Probe (Chrono Boost)  
  29  3:21  Cybernetics Core  
  29  3:26  Probe (Chrono Boost)  
  30  3:27  Probe (Chrono Boost)  
  31  3:36  Probe (Chrono Boost)  
  31  3:38  Forge, Probe (Chrono Boost)  
  33  3:43  Pylon  
  33  3:46  Pylon  
  33  3:47  Probe (Chrono Boost)  
  35  3:48  Probe (Chrono Boost)  
  35  3:54  Pylon  
  35  3:55  Protoss Air Weapons Level 1  
  35  3:57  Pylon x2  
  35  3:59  Pylon  
  35  4:22  Stargate x2  
  35  4:24  Stargate  
  35  4:35  Protoss Shields Level 1 (Chrono Boost)  
  35  4:38  Probe x2 (Chrono Boost)  
  37  4:48  Probe x2 (Chrono Boost)  
  39  4:59  Probe x2  
  45  5:10  Void Ray (Chrono Boost)  
  45  5:12  Void Ray (Chrono Boost)  
  53  5:31  Void Ray (Chrono Boost)  
  53  5:35  Protoss Air Armor Level 1  
  53  5:48  Void Ray (Chrono Boost)  
  57  5:52  Void Ray  
  61  6:07  Nexus  
  61  6:10  Void Ray  
  65  6:13  Assimilator  
  65  6:19  Assimilator  
  65  6:30  Void Ray  
  69  6:37  Void Ray  
  73  6:40  Probe x2  
  75  6:52  Probe x2  
  75  6:53  Void Ray  
  81  7:03  Fleet Beacon  
  81  7:04  Probe  
  82  7:20  Probe  
  82  7:22  Void Ray  
  83  7:25  Void Ray  
  91  7:31  Probe  
  92  7:39  Void Ray (Chrono Boost)  
  92  7:41  Probe  
  97  7:50  Protoss Air Weapons Level 2  
  97  7:52  Probe  
  98  8:02  Probe  
  99  8:12  Void Ray (Chrono Boost)  
  103  8:15  Void Ray (Chrono Boost)  
  107  8:22  Void Ray (Chrono Boost)  
  111  8:51  Void Ray (Chrono Boost)  
  119  8:56  Void Ray (Chrono Boost)  
  119  8:59  Void Ray (Chrono Boost)  
  123  9:29  Stargate, Void Ray (Chrono Boost)  
  127  9:36  Pylon  
  127  9:37  Pylon  
  131  9:39  Pylon  
  131  9:40  Void Ray (Chrono Boost)  
  131  9:55  Void Ray (Chrono Boost)  
  131  9:59  Protoss Air Armor Level 2  
  135  10:06  Tempest (Chrono Boost)  
  141  10:20  Tempest (Chrono Boost)  
  147  10:30  Nexus  
  147  10:32  Tempest (Chrono Boost)  
  153  10:37  Pylon  
  153  10:38  Pylon  
  153  10:39  Pylon  
  153  10:56  Tempest (Chrono Boost)  
  163  10:58  Void Ray (Chrono Boost)  
  163  11:00  Void Ray (Chrono Boost)  
  167  11:09  Void Ray (Chrono Boost)  
  171  11:12  Pylon  
  171  11:13  Pylon  
  175  11:33  Void Ray (Chrono Boost)  
  171  11:56  Void Ray x2 (Chrono Boost)  
  183  12:02  Void Ray (Chrono Boost)  
  183  12:10  Void Ray (Chrono Boost)  
  187  12:33  Void Ray (Chrono Boost)  
  187  12:34  Void Ray (Chrono Boost)  
  177  13:11  Void Ray (Chrono Boost)  
  101  13:16  Tempest x2 (Chrono Boost)  
  119  13:21  Tempest (Chrono Boost)  
  119  13:43  Tempest (Chrono Boost)  
  125  13:52  Tempest  
  125  13:53  Tempest  
  45  14:29  Assimilator  
  45  14:32  Assimilator  
Show
View Real Time Build Order
Export as new Build Order

Axis Protoss 

Build Orders: 1 Gate Expand, Carrier Rush 

Get SALT Encoding   

  12  0:04  Probe (Chrono Boost)  
  14  0:14  Probe (Chrono Boost)  
  14  0:21  Pylon  
  14  0:25  Probe (Chrono Boost)  
  15  0:39  Probe (Chrono Boost)  
  15  0:42  Gateway  
  16  0:49  Probe (Chrono Boost)  
  17  0:58  Assimilator  
  17  1:00  Probe (Chrono Boost)  
  18  1:23  Probe (Chrono Boost)  
  19  1:29  Nexus  
  19  1:42  Cybernetics Core  
  19  1:45  Probe (Chrono Boost)  
  20  1:49  Assimilator  
  20  1:56  Probe (Chrono Boost)  
  21  2:06  Probe (Chrono Boost)  
  22  2:10  Pylon  
  22  2:17  Probe (Chrono Boost)  
  23  2:28  Probe (Chrono Boost)  
  24  2:30  Stargate  
  24  2:39  Probe (Chrono Boost)  
  24  2:41  Probe (Chrono Boost)  
  26  2:49  Probe (Chrono Boost)  
  27  2:51  Probe (Chrono Boost)  
  27  2:52  Assimilator  
  27  2:54  Assimilator  
  27  2:57  Protoss Air Weapons Level 1 (Chrono Boost)  
  28  3:00  Probe x2  
  30  3:17  Fleet Beacon  
  30  3:24  Probe  
  30  3:25  Probe  
  32  3:31  Pylon  
  32  3:34  Probe  
  32  3:36  Pylon  
  32  3:37  Probe  
  34  3:45  Probe  
  35  3:49  Forge  
  35  3:50  Probe  
  36  3:56  Probe  
  37  4:10  Carrier (Chrono Boost)  
  37  4:12  Probe  
  37  4:14  Probe  
  45  4:25  Photon Cannon, Probe  
  46  4:31  Photon Cannon, Probe  
  47  4:43  Stargate  
  47  4:46  Pylon, Probe  
  47  4:48  Probe  
  49  4:58  Probe  
  49  4:59  Stargate  
  50  5:00  Probe  
  51  5:24  Nexus  
  51  5:28  Pylon  
  51  5:30  Pylon  
  51  5:33  Pylon  
  51  5:41  Carrier (Chrono Boost)  
  57  5:54  Carrier (Chrono Boost)  
  63  6:16  Carrier (Chrono Boost)  
  69  6:24  Probe  
  70  6:26  Probe  
  71  6:35  Protoss Air Weapons Level 2 (Chrono Boost)  
  71  6:36  Probe  
  71  6:38  Probe  
  68  6:51  Probe  
  68  6:52  Probe x2  
  77  7:02  Carrier (Chrono Boost)  
  77  7:08  Stargate  
  77  7:10  Stargate  
  77  7:14  Stargate  
  77  7:15  Probe  
  77  7:16  Stargate, Probe x2  
  77  7:22  Assimilator  
  80  7:27  Assimilator  
  80  7:29  Graviton Catapult  
  80  7:40  Carrier (Chrono Boost)  
  80  7:43  Gateway, Probe  
  87  7:57  Carrier  
  93  8:05  Probe  
  93  8:06  Probe x2  
  96  8:16  Probe  
  96  8:18  Probe x2  
  99  8:20  Carrier  
  99  8:26  Probe  
  105  8:30  Probe x2  
  108  8:46  Pylon  
  108  8:47  Pylon  
  108  8:48  Pylon x2  
  108  8:50  Pylon  
  108  8:54  Nexus, Probe  
  109  8:57  Carrier  
  109  9:03  Carrier  
  109  9:04  Probe  
  109  9:05  Carrier  
  128  9:11  Pylon  
  128  9:16  Assimilator  
  128  9:20  Assimilator  
  128  9:24  Pylon  
  128  9:27  Pylon  
  128  9:31  Pylon  
  128  9:33  Pylon  
  128  9:40  Cybernetics Core, Probe  
  128  9:41  Probe x2  
  128  9:42  Protoss Air Weapons Level 3 (Chrono Boost)  
  131  9:51  Carrier  
  137  9:56  Probe  
  138  10:02  Carrier  
  138  10:07  Carrier  
  144  10:12  Probe x2  
  144  10:13  Probe x2  
  154  10:26  Stargate  
  154  10:27  Stargate  
  154  10:29  Probe x2  
  154  10:30  Probe x2  
  158  10:37  Carrier  
  158  10:40  Probe x2  
  158  10:42  Probe x2  
  168  10:52  Probe  
  168  10:57  Carrier  
  169  11:00  Probe  
  169  11:02  Probe  
  171  11:09  Carrier  
  183  11:15  Protoss Air Armor Level 1 (Chrono Boost)  
  183  11:22  Probe  
  183  11:23  Carrier  
  190  11:32  Carrier  
  177  12:33  Pylon  
  177  12:34  Pylon  
  177  12:35  Pylon  
  177  12:37  Pylon  
  177  12:39  Pylon x2  
  177  12:41  Pylon  
  177  12:42  Pylon  
  177  12:53  Carrier x3  
  177  12:55  Carrier x2  
  195  13:01  Carrier  
  195  13:12  Carrier  
  189  13:23  Carrier  
  195  13:59  Nexus  
  195  14:00  Nexus  
  195  14:03  Assimilator  
  195  14:05  Assimilator  
Show
View Real Time Build Order
Export as new Build Order

CrisCris Terran 

Build Orders: Liberator Opening 

Get SALT Encoding   

  12  0:15  SCV  
  12  0:18  Supply Depot  
  13  0:27  SCV  
  14  0:32  Refinery  
  14  0:39  SCV  
  15  0:50  Barracks  
  15  0:51  SCV  
  16  1:03  SCV  
  17  1:09  Supply Depot  
  17  1:10  Refinery  
  17  1:15  SCV  
  18  1:27  SCV  
  19  1:39  Supply Depot  
  19  1:44  Orbital Command  
  19  1:49  Marine  
  20  2:10  SCV  
  20  2:12  Factory  
  21  2:23  SCV  
  21  2:24  Engineering Bay  
  21  2:26  Barracks Tech Lab  
  22  2:35  SCV  
  23  2:47  SCV  
  23  2:49  Marine  
  25  2:55  Factory Reactor  
  25  2:57  Starport  
  25  3:01  SCV  
  26  3:15  Command Center  
  26  3:18  SCV  
  27  3:26  Stimpack  
  27  3:30  Liberator  
  27  3:39  Barracks  
  27  3:42  Medivac  
  32  3:51  SCV  
  32  3:52  Marine  
  34  3:58  Supply Depot  
  34  4:03  SCV  
  35  4:10  Marine  
  35  4:13  Liberator  
  35  4:16  Factory Tech Lab  
  36  4:17  Viking  
  38  4:28  Missile Turret  
  41  4:34  Missile Turret  
  41  4:38  SCV  
  42  4:40  SCV  
  43  4:50  SCV  
  45  4:52  SCV  
  45  4:56  Barracks Reactor  
  45  4:59  Missile Turret  
  45  5:15  SCV  
  45  5:17  Armory, Starport  
  46  5:22  Missile Turret, Fusion Core  
  46  5:25  Supply Depot  
  46  5:27  SCV  
  47  5:32  Orbital Command  
  47  5:40  Liberator, SCV, Refinery  
  47  5:41  Refinery  
  48  5:43  Marine  
  44  6:21  Marine  
  44  6:22  Marine  
  44  6:24  Siege Tank  
  49  6:26  SCV  
  49  6:27  Starport Tech Lab  
  49  6:28  Weapon Refit  
  49  6:29  Liberator  
  47  6:37  Command Center  
  47  6:46  Missile Turret  
  50  7:07  Siege Tank  
  50  7:08  Marine  
  53  7:14  Supply Depot  
  54  7:27  Supply Depot  
  54  7:35  Marine  
  54  7:36  SCV x2  
  57  7:48  SCV x2, Refinery  
  59  7:51  Barracks  
  59  7:52  Orbital Command, Refinery  
  59  7:54  Liberator  
  59  8:03  Marine  
  59  8:04  Marine  
  61  8:11  Viking  
  66  8:13  Missile Turret  
  66  8:21  Marine x2  
  68  8:39  Marine x2, Supply Depot  
  70  8:51  Viking  
  70  8:54  Viking  
  70  8:55  Battlecruiser  
  80  8:57  Marine  
  81  9:08  Terran Vehicle And Ship Armor Level 1, Starport  
  81  9:10  Armory  
  81  9:13  Supply Depot  
  81  9:19  Supply Depot, SCV  
  81  9:20  SCV  
  81  9:21  Viking  
  85  9:24  Viking  
  85  9:31  SCV  
  88  9:32  SCV  
  88  9:36  Missile Turret  
  89  9:44  SCV  
  90  9:56  SCV  
  90  9:57  Missile Turret  
  90  9:59  SCV  
  92  10:01  Starport Tech Lab  
  92  10:08  Battlecruiser, SCV  
  92  10:10  Barracks Tech Lab  
  92  10:12  SCV  
  100  10:16  Missile Turret  
  100  10:21  Missile Turret  
  100  10:23  Marine x2  
  102  10:29  Viking x2  
  106  10:39  Missile Turret  
  106  10:41  Marine x2  
  106  10:42  Supply Depot  
  108  10:43  Missile Turret  
  108  10:51  Supply Depot  
  108  10:53  Supply Depot  
  108  10:59  Missile Turret  
  108  11:01  SCV  
  108  11:04  Viking x2  
  113  11:05  Supply Depot  
  113  11:06  Missile Turret  
  113  11:07  Supply Depot  
  113  11:12  Thor, Missile Turret  
  113  11:13  SCV  
  113  11:14  SCV  
  121  11:27  Marine x3  
  121  11:29  Supply Depot  
  121  11:30  Missile Turret  
  121  11:31  Supply Depot  
  124  11:33  Terran Vehicle And Ship Armor Level 2  
  124  11:35  Missile Turret  
  124  11:39  Terran Ship Weapons Level 1  
  123  11:44  Marine  
  119  11:54  Missile Turret  
  119  11:55  Thor, Command Center  
  125  12:06  Battlecruiser  
  130  12:21  Marine  
  130  12:22  Marine x2  
  132  12:25  Viking  
  132  12:26  Viking  
  132  12:33  Command Center  
  130  12:45  Battlecruiser  
  124  12:57  Command Center  
  124  13:44  Viking  
  124  13:46  Viking  
  128  14:08  Viking  
  128  14:09  Viking  
  132  14:21  Viking  
  134  14:25  Refinery  
  134  14:28  Refinery  
  134  14:29  Orbital Command  
  134  14:39  Refinery  
  134  14:40  Refinery  
  134  14:42  Orbital Command  
Show
View Real Time Build Order
Export as new Build Order

WolfRamiO Protoss 

Build Orders: Nexus First 

Get SALT Encoding   

  12  0:39  Nexus  
  13  0:43  Probe (Chrono Boost)  
  13  1:00  Probe (Chrono Boost)  
  14  1:41  Probe (Chrono Boost)  
  14  1:45  Nexus  
  15  1:52  Probe (Chrono Boost)  
  16  2:00  Probe (Chrono Boost)  
  17  2:02  Probe (Chrono Boost)  
  18  2:11  Probe (Chrono Boost)  
  19  2:25  Probe x2 (Chrono Boost)  
  21  2:30  Pylon  
  21  2:33  Pylon  
  21  2:35  Probe (Chrono Boost)  
  22  2:42  Pylon  
  22  2:54  Probe (Chrono Boost)  
  23  3:01  Assimilator  
  23  3:05  Gateway  
  23  3:11  Assimilator  
  23  3:25  Nexus  
  23  3:32  Pylon  
  23  3:34  Pylon  
  23  3:40  Pylon x2  
  23  4:04  Cybernetics Core  
  23  4:05  Probe x3 (Chrono Boost)  
  23  4:09  Cybernetics Core  
  26  4:15  Probe (Chrono Boost)  
  26  4:16  Probe x2 (Chrono Boost)  
  29  4:26  Probe (Chrono Boost)  
  29  4:27  Probe x2 (Chrono Boost)  
  29  4:31  Assimilator  
  32  4:35  Assimilator  
  32  4:37  Probe x3 (Chrono Boost)  
  35  4:48  Probe x2 (Chrono Boost)  
  37  4:55  Assimilator  
  37  4:58  Probe x2 (Chrono Boost)  
  39  5:01  Forge  
  39  5:07  Pylon  
  39  5:09  Probe (Chrono Boost)  
  39  5:12  Pylon x2  
  39  5:14  Mothership Core (Chrono Boost)  
  42  5:19  Probe (Chrono Boost)  
  42  5:20  Pylon  
  43  5:30  Probe (Chrono Boost)  
  43  5:32  Probe (Chrono Boost)  
  45  5:39  Assimilator  
  45  5:40  Photon Cannon  
  45  5:41  Probe (Chrono Boost)  
  47  5:42  Probe (Chrono Boost)  
  47  5:44  Photon Cannon  
  47  5:45  Assimilator  
  47  5:47  Assimilator  
  47  5:51  Probe (Chrono Boost)  
  47  5:53  Probe (Chrono Boost)  
  49  5:59  Probe (Chrono Boost)  
  49  6:02  Probe (Chrono Boost)  
  49  6:03  Probe (Chrono Boost)  
  52  6:10  Probe (Chrono Boost)  
  53  6:12  Probe (Chrono Boost)  
  53  6:14  Probe (Chrono Boost)  
  55  6:20  Probe (Chrono Boost)  
  55  6:23  Probe (Chrono Boost)  
  55  6:25  Probe (Chrono Boost)  
  58  6:26  Probe (Chrono Boost)  
  58  6:31  Probe (Chrono Boost)  
  60  6:33  Probe (Chrono Boost)  
  60  6:35  Probe (Chrono Boost)  
  60  6:37  Probe (Chrono Boost)  
  63  6:41  Probe (Chrono Boost)  
  63  6:44  Probe (Chrono Boost)  
  63  6:46  Probe (Chrono Boost)  
  66  6:47  Probe (Chrono Boost)  
  66  6:52  Probe (Chrono Boost)  
  68  6:54  Probe (Chrono Boost)  
  68  6:56  Probe (Chrono Boost)  
  68  6:58  Probe (Chrono Boost)  
  71  7:02  Probe (Chrono Boost)  
  71  7:05  Probe (Chrono Boost)  
  71  7:07  Probe (Chrono Boost)  
  75  7:08  Probe (Chrono Boost)  
  75  7:10  Stargate  
  75  7:11  Stargate x2  
  75  7:12  Pylon  
  75  7:14  Stargate  
  76  7:15  Probe (Chrono Boost)  
  76  7:17  Stargate  
  76  7:18  Protoss Air Weapons Level 1  
  76  7:19  Protoss Air Armor Level 1, Pylon  
  76  7:21  Stargate  
  76  7:22  Pylon  
  76  7:23  Protoss Shields Level 1  
  76  7:27  Probe (Chrono Boost)  
  76  7:29  Pylon, Twilight Council  
  77  7:37  Probe (Chrono Boost)  
  78  7:48  Probe (Chrono Boost)  
  79  7:57  Pylon  
  79  7:58  Probe (Chrono Boost)  
  79  7:59  Photon Cannon  
  79  8:03  Photon Cannon  
  80  8:07  Photon Cannon  
  80  8:09  Probe (Chrono Boost)  
  81  8:14  Charge  
  81  8:24  Fleet Beacon  
  81  8:30  Dark Shrine  
  81  8:31  Dark Shrine  
  81  8:39  Pylon  
  81  8:40  Pylon x2  
  81  8:42  Pylon  
  81  8:53  Fleet Beacon  
  81  9:00  Robotics Facility  
  81  9:03  Robotics Facility, Pylon  
  81  9:08  Pylon  
  81  9:17  Graviton Catapult, Fleet Beacon  
  81  9:19  Carrier (Chrono Boost)  
  81  9:20  Carrier x3 (Chrono Boost)  
  81  9:21  Cybernetics Core  
  111  9:31  Carrier (Chrono Boost)  
  111  9:35  Nexus  
  111  9:42  Dark Shrine  
  111  9:47  Anion Pulse-Crystals  
  117  9:56  Observer x2  
  119  10:01  Carrier (Chrono Boost)  
  119  10:18  Dark Templar  
  121  10:23  Protoss Shields Level 2  
  121  10:29  Gateway  
  133  10:35  Carrier (Chrono Boost)  
  133  10:36  Carrier (Chrono Boost)  
  122  11:00  Carrier x2 (Chrono Boost)  
  140  11:10  Carrier (Chrono Boost)  
  145  11:27  Carrier (Chrono Boost)  
  140  11:50  Carrier (Chrono Boost)  
  140  11:51  Carrier (Chrono Boost)  
  152  12:14  Carrier x2 (Chrono Boost)  
  170  12:36  Nexus, Carrier (Chrono Boost)  
  176  12:53  Carrier (Chrono Boost)  
  173  13:04  Carrier (Chrono Boost)  
  185  13:05  Carrier (Chrono Boost)  
  185  13:29  Carrier x2 (Chrono Boost)  
  192  13:37  Dark Templar  
  199  14:44  Nexus  
Show
View Real Time Build Order
Export as new Build Order

dudeonworth Terran 

Build Orders:  

Get SALT Encoding   

  12  0:05  SCV  
  13  0:17  SCV  
  14  0:28  Supply Depot  
  14  0:30  SCV  
  15  0:50  SCV  
  15  0:53  Barracks  
  16  0:57  Barracks  
  16  1:02  SCV  
  17  1:14  SCV  
  18  1:26  SCV  
  19  1:32  Refinery  
  19  1:36  Supply Depot  
  19  1:38  SCV, Refinery  
  20  1:44  Supply Depot  
  20  1:50  SCV  
  20  1:51  Supply Depot  
  21  2:02  SCV  
  22  2:13  Marine  
  22  2:14  Marine  
  24  2:15  SCV  
  25  2:28  SCV  
  26  2:31  Marine  
  27  2:41  Command Center  
  27  2:48  SCV  
  28  3:00  SCV, Factory  
  29  3:12  SCV  
  30  3:24  SCV  
  31  3:28  Factory  
  31  3:36  SCV  
  32  3:43  Factory Tech Lab  
  32  3:45  Starport  
  32  3:48  SCV  
  33  4:01  SCV  
  34  4:13  SCV  
  34  4:16  Command Center  
  35  4:18  SCV  
  35  4:23  Liberator  
  36  4:25  Siege Tank, SCV  
  36  4:27  Factory Tech Lab  
  36  4:30  SCV  
  42  4:43  Orbital Command, SCV  
  45  4:48  Engineering Bay  
  45  4:55  SCV  
  46  5:07  Siege Tank, SCV  
  49  5:08  Siege Tank  
  53  5:18  SCV  
  53  5:19  Missile Turret, SCV  
  55  5:23  Missile Turret  
  55  5:31  SCV x3  
  55  5:32  Missile Turret  
  58  5:43  Siege Tank, SCV x2  
  58  5:47  Siege Tank  
  58  5:48  SCV  
  67  5:55  SCV  
  68  6:00  SCV  
  69  6:07  SCV  
  70  6:12  SCV  
  71  6:19  SCV  
  72  6:31  Armory  
  72  6:32  SCV  
  73  6:37  Refinery  
  73  6:38  Refinery  
  73  6:39  Starport  
  73  6:40  SCV  
  73  6:43  Refinery  
  73  6:44  SCV, Refinery  
  75  6:52  SCV  
  76  6:56  SCV  
  77  7:23  Barracks  
  77  7:25  Starport Reactor  
  77  7:27  Starport Tech Lab  
  77  7:35  Supply Depot  
  77  7:36  Supply Depot  
  77  7:38  Orbital Command  
  77  7:43  Supply Depot  
  77  7:45  Supply Depot  
  77  7:56  Siege Tank x2, SCV  
  77  7:57  Supply Depot  
  84  8:01  Missile Turret  
  84  8:04  Missile Turret  
  84  8:06  Missile Turret  
  84  8:10  Liberator  
  84  8:12  Orbital Command  
  84  8:15  Missile Turret  
  84  8:19  Missile Turret  
  84  8:28  Thor x2  
  84  8:33  Supply Depot  
  99  8:34  Supply Depot x2  
  99  8:35  Terran Vehicle Weapons Level 1  
  99  8:36  Fusion Core  
  99  8:40  Missile Turret  
  99  8:45  Missile Turret  
  99  8:48  Liberator  
  99  9:03  Supply Depot  
  99  9:05  Supply Depot, Factory  
  99  9:06  Liberator  
  99  9:07  Supply Depot, Factory  
  102  9:11  Thor, Siege Tank  
  114  9:31  Starport  
  114  9:46  Missile Turret  
  114  9:49  Liberator, Missile Turret  
  114  10:00  Thor  
  114  10:01  Thor  
  114  10:02  Factory Tech Lab x2  
  114  10:05  Supply Depot  
  129  10:10  Starport Reactor  
  129  10:12  Factory  
  129  10:17  Viking x2  
  133  10:22  Barracks Reactor, Supply Depot  
  133  10:31  Liberator  
  133  10:32  Liberator  
  133  10:44  Thor  
  133  10:45  Thor  
  151  10:54  Liberator  
  151  11:05  Thor  
  160  11:35  Thor x2  
  158  12:45  Thor  
  158  12:46  Thor x2  
  158  12:50  Thor  
  127  13:14  Factory Tech Lab  
  127  13:21  Liberator  
  127  13:23  Liberator  
  127  13:28  Siege Tank  
  127  13:29  Siege Tank x2  
  127  13:33  Siege Tank  
  148  13:41  Siege Tank  
  142  14:01  Siege Tank x2  
  142  14:13  Liberator  
  142  14:24  Thor x2  
  142  14:25  Thor  
Tags
 
Add a new tag
Caveats
  • Supply blocks, unpowered buildings, or Contaminate may cause inaccurate times.
  • Supply counts are checked every 10 seconds.